cohdb
Replays
Latest Replays
All Replays
Popular Replays
Top Player Replays
Match Explorer
How It Works
Community
CoH3 Stats
Reddit
Sign in to upload your games and track your stats! →
Sign in with Steam
An intense comeback where the victory points were 9-459 at one point!
Match 21891422
Overview
Messages
Build Orders
End
Kradschützen Motorcycle Team
Selects Italian Combined Arms Battlegroup
Selects Bersaglieri Squad
Bersaglieri Squad
Bersaglieri Squad
Construct Light Support Kompanie
MG34 Team
Selects Bersaglieri Bolster
Construct Mechanized Kompanie
8 Rad Armored Car
Panzerjäger Mechanized Group
Selects Breda Model 30 Light Machine Guns
Support Armor Elements
2.5-tonne Medical Truck
StuG III D Assault Gun
Fire Support Elements
Pak 38 Anti-tank Gun Team
Selects Semovente da 75/18 Assault Gun
Selects Strafing Run
Pak 38 Anti-tank Gun Team
Construct Panzerarmee Kommand
Panzer III L Medium Tank
Vehicle Survival Package
2.5-tonne Medical Truck
Strafing Run
Selects Artillery Cover
Artillery Cover
Strafing Run
Panzer III L Medium Tank
Artillery Cover
Strafing Run
Panzerpioneer Squad
Deneuve
Leo invictum
0
0
Comments
sign in to comment!
No comments posted yet!